 Dungeon Crawl Stone Soup version 0.24.0-123-gd5b16e6ec5 (webtiles) character file.

Game seed: 15257476857130401860, levelgen mode: deterministic

91 hazymike the Skirmisher (level 4, 0/49 HPs)
             Began as an Ogre Monk on Feb 8, 2020.
             Slain by Natasha (7 damage)
             ... on level 3 of the Dungeon.
             The game lasted 00:10:45 (3017 turns).

hazymike the Skirmisher (Ogre Monk)                 Turns: 3017, Time: 00:10:46

Health: 0/49       AC:  3    Str: 15    XL:     4   Next: 59%
Magic:  4/4        EV: 11    Int: 12    God:
Gold:   64         SH:  0    Dex: 11    Spells: 3/3 levels left

rFire    . . .     SeeInvis .   a - +0 mace
rCold    . . .     Gourm    .   (no shield)
rNeg     . . .     Faith    .   b - +0 robe
rPois    .         Spirit   .   (helmet restricted)
rElec    .         Reflect  .   (no cloak)
rCorr    .         Harm     .   (gloves unavailable)
MR       .....                  (boots unavailable)
Stlth    ++........             (no amulet)
HPRegen  0.16/turn              (no ring)
MPRegen  0.09/turn              (no ring)

@: slowed, very slow
A: large, unfitting armour, tough skin 1
a: no special abilities


You were on level 3 of the Dungeon.
You were not hungry.

You visited 1 branch of the dungeon, and saw 3 of its levels.

You collected 64 gold pieces.

Inventory:

Hand Weapons
 a - a +0 mace (weapon)
Missiles
 g - 66 stones
 t - 9 poisoned darts (quivered)
Armour
 b - a +0 robe (worn)
Scrolls
 d - 3 scrolls of remove curse {unknown}
 e - 2 scrolls of fog {unknown}
 f - 2 scrolls of noise {unknown}
 i - 4 scrolls of identify {unknown}
 p - 3 scrolls of magic mapping {unknown}
 u - 6 scrolls of teleportation {unknown}
Potions
 h - 2 potions of curing {unknown}
 j - a potion of berserk rage {unknown}
 k - 2 potions of lignification {unknown}
 l - a potion of agility {unknown}
 m - a potion of degeneration {unknown}
 n - 2 potions of heal wounds {unknown}
 o - a potion of mutation {unknown}
 q - a potion of cancellation {unknown}
 r - a potion of might {unknown}
 v - a potion of ambrosia {unknown}
Comestibles
 c - 6 rations
 s - 7 chunks of flesh


   Skills:
 + Level 4.7 Fighting
 * Level 3.6 Maces & Flails
 + Level 3.2 Dodging
 - Level 2.0 Stealth


You had 3 spell levels left.
You didn't know any spells.
Your spell library was empty.

Dungeon Overview and Level Annotations

Branches:
Dungeon (3/15)

Altars:

Annotations:
D:1 2 exclusions
D:3 Natasha


Innate Abilities, Weirdness & Mutations

You are too large for most types of armour.
You have tough skin. (AC +1)


Message History

Natasha barely misses you.
The crimson imp blinks!
Natasha growls.
Natasha mumbles some strange words.
You miss Natasha.
Natasha is heavily wounded.
The crimson imp blinks!
Natasha closely misses you. x2
You miss Natasha.
Natasha is heavily wounded.
Natasha claws you. The crimson imp hits you.
The crimson imp blinks!
Natasha mumbles some strange words.
You hit Natasha but do no damage.
Natasha is heavily wounded.
The crimson imp hits you.
The crimson imp blinks!
Natasha misses you. The crimson imp barely misses you.
Natasha barely misses you.
You barely miss Natasha.
Natasha is heavily wounded.
The crimson imp barely misses you. Natasha claws you!
* * * LOW HITPOINT WARNING * * *
The crimson imp closely misses you. Natasha claws you!
You die...

#...)####.#####.# #..#..#
#.# #.# #.....# #.# ##)##
#.###.# #.# ##...##
#.###.###.###.....#########.
#.........##.......##.......
#.##)..##.#.........#.##....
#.......h5........'.<)....
#.#....##.#@..5.....#.##....
#...h.....##.......##.# #...
###.#########.....###.# .##
#. ##>..## #.# # #. ##+##
#.# .. #.. #. ### #h #.


You could see Natasha and 2 crimson imps.

Vanquished Creatures
  2 adders (D:2)
  An ooze (D:3)
  A worm (D:2)
  A leopard gecko (D:1)
  5 giant cockroaches
  8 goblins
  10 hobgoblins
  7 jackals
  4 kobolds
  A quokka (D:2)
  2 ball pythons (D:1)
  6 bats
  6 frilled lizards
  5 rats
59 creatures vanquished.

Notes
Turn   | Place    | Note
-------+----------+-------------------------------------------
     0 | D:1      | hazymike the Ogre Monk began the quest for the Orb.
     0 | D:1      | Reached XP level 1. HP: 24/24 MP: 1/1
   111 | D:1      | Reached XP level 2. HP: 32/32 MP: 2/2
   549 | D:1      | Reached XP level 3. HP: 35/40 MP: 3/3
  1613 | D:2      | Reached XP level 4. HP: 31/49 MP: 4/4
  2992 | D:3      | Noticed Natasha
  3017 | D:3      | Slain by Natasha

Levels and vault maps discovered:
D:1:      lemuel_arrival_lava_pool, layout_basic
D:2:      layout_basic, first_ration, minmay_heptomino_l4
D:3:      layout_loops_corners, marbit_many_paths, overflow_temple_1_default,
          uniq_natasha

Skill      XL: |  1  2  3  4 |
---------------+-------------+-----
Maces & Flails | 3 |  3.6
Dodging        | 3 |  3.2
Stealth        | 2 |  2.0
Fighting       | |  4.7

Action                   |  1- 3 |  4- 6 || total
-------------------------+-------+-------++-------
Melee: Mace              |   138 |    79 ||   217
Throw: Stone             |    60 |    17 ||    77
       Dart              |       |    21 ||    21
  Eat: Chunk             |     2 |     5 ||     7
Armor: Robe              |    46 |    16 ||    62
Dodge: Dodged            |    78 |    61 ||   139
